 Dungeon Crawl Stone Soup version 0.18.1-6-gd335043 (webtiles) character file.

13468 namelastname112 the Summoner (level 11, -13/94 HPs)
             Began as a White Draconian Summoner on May 19, 2016.
             Was a Priest of Ashenzari.
             Mangled by a phantasmal warrior (23 damage)
             ... led by a death knight
             ... on level 12 of the Dungeon.
             The game lasted 00:48:19 (14305 turns).

namelastname112 the Summoner (DrSu)                Turns: 14305, Time: 00:48:20

Health: -13/94     AC: 13    Str: 11      XL:     11   Next: 76%
Magic:  5/21       EV: 14    Int: 15      God:    Ashenzari [***...]
Gold:   904        SH:  4    Dex:  8 (11) Spells: 6 memorised, 7 levels left

rFire  . . .     SeeInvis +     b - staff of summoning
rCold  + + .     Gourm    .     (armour unavailable)
rNeg   . . .     Faith    .     h - +0 buckler
rPois  .         Spirit   .     (helmet restricted)
rElec  .         Dismiss  .     z - +1 cloak
rCorr  .         Reflect  .     y - +0 pair of gloves
SustAt .         Harm     .     (no boots)
MR     .....     Rnd*Rage +     k - amulet of regeneration
Stlth  +.........               t - ring of protection from cold
                                L - +3 ring of protection

@: about to teleport, very slightly contaminated, not resistant to hostile
enchantments, very unstealthy
A: breathe frost, unfitting armour, claws 1, berserk 1, cold resistance 1, dopey
2, no device heal 1, cold-blooded, AC +7
a: Breathe Frost, Curse Item, Scrying, Renounce Religion


You were on level 12 of the Dungeon.
You worshipped Ashenzari.
Ashenzari was most pleased with you.
You were not hungry.

You visited 3 branches of the dungeon, and saw 14 of its levels.
You also visited: Labyrinth, Bailey and Volcano.

You collected 904 gold pieces.

Inventory:

Hand Weapons
 a - a +7 demon trident of flaming
Missiles
 D - 5 throwing nets (quivered)
Armour
 h - a +0 buckler (worn)
 y - a +0 pair of gloves (worn)
 z - a +1 cloak (worn)
Magical Staves
 b - an uncursed staff of summoning (weapon)
 s - an uncursed staff of power
Rods
 i - a +3 rod of ignition (9/9)
   (You took it off a minotaur in a labyrinth)
Jewellery
 k - an amulet of regeneration (around neck)
 r - an uncursed ring of see invisible
 t - a ring of protection from cold (right hand)
 J - an uncursed amulet of rage
 L - a +3 ring of protection (left hand)
 U - an uncursed amulet of guardian spirit
Wands
 G - a wand of heal wounds (3/9)
 I - a wand of polymorph (11/24)
 Q - a wand of disintegration (21/24)
 R - a wand of polymorph (16/24)
Scrolls
 c - a scroll of noise
 p - 7 scrolls of remove curse
 u - 4 scrolls of blinking
 v - 2 scrolls of enchant armour
 V - a scroll of fear
 W - a scroll of identify
Potions
 f - 2 potions of curing
 l - 3 potions of flight
 n - a potion of heal wounds
 A - a potion of haste
 C - 2 potions of berserk rage
 E - 2 potions of magic
 M - 3 potions of brilliance
 O - a potion of resistance {unknown}
 P - a potion of lignification
 Y - 2 potions of agility
Books
 m - an Akashic Record

   Spells                             Type                      Level
   a - Dispersal                      Translocation                6
   b - Malign Gateway                 Summoning/Translocation      7
   c - Disjunction                    Translocation                8
   d - Controlled Blink               Translocation                8
 x - a book of Annihilations

   Spells                             Type                      Level
   a - Poison Arrow                   Conjuration/Poison           6
   b - Chain Lightning                Conjuration/Air              8
   c - Lehudib's Crystal Spear        Conjuration/Earth            8
   d - Glaciate                       Conjuration/Ice              9
   e - Fire Storm                     Conjuration/Fire             9
 B - a book of Callings

   Spells                             Type                      Level
   a - Summon Small Mammal            Summoning                    1
   b - Call Imp                       Summoning                    2
   c - Call Canine Familiar           Summoning                    3
   d - Summon Guardian Golem          Hexes/Summoning              3
   e - Summon Lightning Spire         Summoning/Air                4
   f - Summon Ice Beast               Ice/Summoning                4
 H - a book of the Sky

   Spells                             Type                      Level
   a - Summon Lightning Spire         Summoning/Air                4
   b - Airstrike                      Air                          4
   c - Silence                        Hexes/Air                    5
   d - Deflect Missiles               Charms/Air                   6
   e - Conjure Ball Lightning         Conjuration/Air              6
   f - Tornado                        Air                          9
 K - a book of Alchemy

   Spells                             Type                      Level
   a - Sublimation of Blood           Necromancy                   2
   b - Ignite Poison                  Fire/Transmutation/Poison    3
   c - Petrify                        Transmutation/Earth          4
   d - Alistair's Intoxication        Transmutation/Poison         5
   e - Irradiate                      Conjuration/Transmutation    5
 N - a book of Spatial Translocations

   Spells                             Type                      Level
   a - Apportation                    Translocation                1
   b - Blink                          Translocation                2
   c - Shroud of Golubria             Charms/Translocation         2
   d - Portal Projectile              Translocation                3
   e - Teleport Other                 Translocation                3
   f - Passage of Golubria            Translocation                4
 S - a book of Unlife

   Spells                             Type                      Level
   a - Recall                         Summoning/Translocation      3
   b - Animate Dead                   Necromancy                   4
   c - Control Undead                 Necromancy                   4
   d - Cigotuvi's Embrace             Necromancy                   5
   e - Death Channel                  Necromancy                   6
   f - Simulacrum                     Ice/Necromancy               6
 T - Sif Muna's Grimoire of Creation
   (You found it in a labyrinth)

   Spells                             Type                      Level
   a - Summon Small Mammal            Summoning                    1
   b - Summon Guardian Golem          Hexes/Summoning              3
   c - Spellforged Servitor           Conjuration/Summoning        7
Miscellaneous
 F - a phial of floods (inert)
Comestibles
 d - 2 meat rations
 g - 7 fruits
 j - 12 beef jerkies
 o - 9 bread rations


   Skills:
 + Level 8.1 Fighting
 + Level 2.6(2.9) Polearms
 - Level 1.5(2.3) Staves
 + Level 7.2 Dodging
 - Level 1.7 Stealth
 - Level 4.2 Shields
 + Level 6.8 Spellcasting
 * Level 11.2 Summonings
 + Level 4.5 Translocations
 - Level 5.9 Air Magic


You had 7 spell levels left.
You knew the following spells:

 Your Spells              Type           Power        Failure   Level  Hunger
a - Call Imp              Summ           ######..     1%          2    None
b - Summon Ice Beast      Ice/Summ       ####....     17%         4    ####...
c - Call Canine Familiar  Summ           ######..     1%          3    ##.....
e - Apportation           Tloc           ###.......   1%          1    None
s - Summon Lightning Spi  Summ/Air       #####...     4%          4    ####...
x - Blink                 Tloc           N/A          3%          2    None


Dungeon Overview and Level Annotations

Branches:
Dungeon (12/15)            Temple (1/1) D:5            Lair (1/8) D:10
    Orc (0/2) D:11

Altars:
Ashenzari
Cheibriados
Dithmenos
Elyvilon
Fedhas
Gozag
Kikubaaqudgha
Makhleb
Nemelex Xobeh
Okawaru
Pakellas
Qazlal
Sif Muna
Trog
Vehumet
Xom
Yredelemnul
The Shining One

Shops:
D:10 %   D:11 [

Annotations:
D:3 1 runed door, Zebura's ghost, amateur VSWn
D:11 2 runed doors
D:12 Maud


Innate Abilities, Weirdness & Mutations

You can breathe waves of freezing cold.
You can buffet flying creatures when you breathe cold.
Your icy white scales are hard (AC +7).
Your body does not fit into most forms of armour.
Your flesh is cold resistant.
You are cold-blooded and may be slowed by cold attacks.
You have sharp fingernails.
You tend to lose your temper in combat.
You are very dopey. (Int -4)
Potions and wands are less effective at restoring your health.


Message History

Your ice beast hits the death knight but does no damage.
The phantasmal warrior blinks!
The death knight hits your ice beast with an enchanted halberd!
Your ice beast closely misses the death knight.
Your ice beast closely misses the death knight.
The phantasmal warrior blinks!
Your ice beast closely misses the death knight.
Read which item? (? for menu, Esc to quit)
As you read the scroll of teleportation, it crumbles to dust.
You feel strangely unstable.
Your ice beast barely misses the death knight.
The death knight offers itself to Yredelemnul, and fills with unholy energy.
The phantasmal warrior blinks!
Your ice beast hits the death knight but does no damage.
The phantasmal warrior blinks!
The phantasmal warrior hits you!!
* * * LOW HITPOINT WARNING * * *
You take 30 damage, and have 9/94 hp.
MASSIVE DAMAGE!!
The phantasmal warrior hits you!!
You die...

######Y8...#....#
#....[# #..###.##.#.#
#.###.#** #YY#
#.##.#.# #.# #.# .
#.p###.##.#.#
#.###.#..
##.....##.#.#
#........ ###.####.#.#
###...... #.####.#.#
#.##... #....W.#.#
#.#*#..
#####@.#.#######.####.
#............<....
##.......#########
#########


You could see a phantasmal warrior.

Vanquished Creatures
  A phantasmal warrior (D:12)
  A wizard (D:10)
  A lindwurm (Lair:1)
  A centaur skeleton (D:10)
  A troll (D:10)
  4 blink frogs (Lair:1)
  6 yaks (Lair:1)
  3 water moccasins (Lair:1)
  2 porcupines (Lair:1)
  2 ice beasts
  4 sky beasts
  2 orc warriors
  3 centaurs
  A crocodile (Lair:1)
  A giant frog (D:8)
  A wight (D:8)
  An electric eel (D:10)
  2 crimson imps
  6 hounds
  2 orc priests (D:9)
  2 gnoll shamans (Bailey)
  An iguana (Lair:1)
  5 jellies
  2 orc wizards
  A giant frog skeleton (D:10)
  A worker ant (D:7)
  A hound zombie (D:7)
  7 gnolls
  5 adders
  8 river rats (Lair:1)
  An ooze (D:5)
  An adder skeleton (D:8)
  2 worms (D:3)
  2 dart slugs (D:1)
  3 giant geckos
  14 orcs
  4 ball pythons
  A giant cockroach (D:2)
  13 goblins
  6 hobgoblins
  5 jackals
  4 kobolds
  3 quokkas
  3 bats (D:1)
  A giant gecko skeleton (D:8)
  3 giant newts
  A quokka zombie (D:9)
  9 rats
154 creatures vanquished.

Vanquished Creatures (collateral kills)
  A minotaur (Lab)
  2 hydras
  Harold (D:10)
  An ogre mage (Volcano)
  A hill giant (D:11)
  A phantasmal warrior (D:12)
  An ugly thing (D:10)
  A komodo dragon (Lair:1)
  4 two-headed ogres (Volcano)
  2 blink frogs (Lair:1)
  2 trolls (D:11)
  A wraith (D:12)
  14 yaks
  A wyvern (D:9)
  2 hungry ghosts
  A porcupine (Lair:1)
  3 water moccasins
  3 sky beasts
  An eye of draining (D:10)
  An ice beast (D:7)
  6 orc warriors
  2 phantoms
  4 ogres
  4 wolves (Lair:1)
  2 centaurs
  A crocodile (Lair:1)
  A big kobold (D:9)
  4 giant frogs
  8 gnoll sergeants (Bailey)
  4 scorpions
  4 killer bees (D:10)
  4 wights (D:8)
  2 electric eels (D:10)
  A howler monkey (D:9)
  4 crimson imps
  A giant frog zombie (D:11)
  A jelly (D:10)
  3 hounds (D:6)
  A giant frog skeleton (D:11)
  An orc priest (D:9)
  A centaur skeleton (D:6)
  5 gnoll shamans
  5 orc wizards
  5 iguanas
  4 worker ants
  A hound skeleton (D:10)
  Robin (D:3)
  9 adders
  17 gnolls
  7 river rats (Lair:1)
  2 shadow imps
  2 adder zombies (D:9)
  3 giant geckos
  35 orcs
  3 bats
  A goblin (D:1)
  2 hobgoblins (D:1)
  6 jackals
  3 quokkas
  3 kobolds
  A quokka skeleton (D:7)
  A rat (D:1)
219 creatures vanquished.

Vanquished Creatures (others)
  A crocodile (D:6)
1 creature vanquished.

Grand Total: 374 creatures vanquished

Notes
Turn   | Place    | Note
--------------------------------------------------------------
     0 | D:1      | namelastname112 the Draconian Summoner began the quest for the Orb.
     0 | D:1      | Reached XP level 1. HP: 14/14 MP: 3/3
   302 | D:1      | Wingboner: If only we had namelastname in our team we could've been first!
   341 | D:1      | Wingboner: Or at least second, calculated it.
   345 | D:1      | Frenchrax: you are third?
   347 | D:1      | Frenchrax: or..?=
   355 | D:1      | Wingboner: 4th.
   363 | D:1      | Frenchrax: nice
   363 | D:1      | Reached XP level 2. HP: 6/20 MP: 0/5
   365 | D:1      | Wingboner: http://dobrazupa.org/tournament/0.18/clans/ololoev.html
   415 | D:1      | Learned a level 2 spell: Call Imp
   651 | D:1      | Frenchrax: i like your clan name
   748 | D:1      | Frenchrax: http://dobrazupa.org/tournament/0.18/clans/leszczynek.html
   852 | D:1      | Frenchrax: here is us
   975 | D:1      | Frenchrax: me with only 1 win ;-;
   995 | D:1      | Wingboner: Haha.
   995 | D:1      | Frenchrax: but in 1:34
  1013 | D:1      | Reached XP level 3. HP: 27/27 MP: 6/6
  1014 | D:1      | Frenchrax: MiCK of Xom
  1018 | D:1      | Learned a level 3 spell: Call Canine Familiar
  1018 | D:1      | Frenchrax: so ;p
  1026 | D:1      | Wingboner: Nice name there too.
  1044 | D:2      | Frenchrax: ty
  1060 | D:2      | oplop: i - 808 gold the +8 dagger of Freehold {elec, rC+ Dex+4}
  1186 | D:2      | Frenchrax: hm seems good
  1236 | D:2      | oplop: yep
  1242 | D:2      | Found a faded altar to an unknown god.
  1308 | D:2      | You fall through a shaft!
  1308 | D:2      | epen: молись
  1350 | D:3      | Noticed Robin
  1364 | D:3      | Killed Robin
  1364 | D:3      | Reached XP level 4. HP: 34/34 MP: 4/7
  1366 | D:3      | Frenchrax: well gl to all
  1367 | D:3      | Frenchrax: cya
  1386 | D:3      | Noticed Zebura's ghost (amateur VSWn)
  1417 | D:3      | Reached skill level 1 in Fighting
  1457 | D:3      | Reached skill level 5 in Summonings
  1672 | D:3      | Found a blossoming altar of Fedhas.
  1705 | D:3      | Wingboner: Y-you too.
  1780 | D:3      | Found a glowing golden altar of the Shining One.
  1780 | D:3      | Found a runed door.
  1780 | D:3      | Noticed an angel
  1962 | D:2      | epen: го алтарь, говорю
  1983 | D:2      | namelastname112: нет
  1987 | D:2      | Reached XP level 5. HP: 34/40 MP: 9/9
  2047 | D:2      | Wingboner: Гадство, зачистил депсы, все драконы голые.
  2128 | D:2      | namelastname112: а по волтам че?
  2185 | D:2      | Wingboner: Бегаю в FiDA, как бомж.
  2241 | D:3      | Wingboner: На в5 пока был только один, голый.
  2351 | D:3      | Found a deep blue altar of Sif Muna.
  2353 | D:3      | Found a glowing golden altar of the Shining One.
  2359 | D:3      | Found a basalt altar of Yredelemnul.
  2359 | D:3      | Found a sparkling altar of Nemelex Xobeh.
  2454 | D:3      | Wingboner: Ну зато у меня T - the +11 giant spiked club of Forgiveness (weapon) {crush, rPois rF+ Str+4 Int+3}.
  2519 | D:3      | Wingboner: Ударил и простил.
  3011 | D:4      | Found an ancient bone altar of Kikubaaqudgha.
  3402 | D:5      | Entered Level 5 of the Dungeon
  3511 | D:5      | Found a staircase to the Ecumenical Temple.
  3516 | Temple   | Entered the Ecumenical Temple
  3517 | Temple   | namelastname112: ??skullcrusher
  3596 | Temple   | Became a worshipper of Ashenzari the Shackled
  3629 | D:5      | beem: skullcrusher[1/1]: The +3 giant club "Skullcrusher" {speed, Str+7}.
  3670 | D:5      | Reached XP level 6. HP: 49/50 MP: 10/10
  3827 | D:6      | Wingboner: У меня есть a - [Depths:1] the +6 giant spiked club of Xuta {speed, rPois MR- Dex+3}
  3901 | D:6      | Reached skill level 6 in Summonings
  3908 | D:6      | Noticed an ice beast
  3918 | D:6      | Noticed a sky beast
  3991 | D:5      | Killed an ice beast
  4099 | D:5      | namelastname112: лел
  4099 | D:5      | namelastname112: мр-
  4117 | D:6      | Killed a sky beast
  4117 | D:6      | Your scales start taking on an icy white colour.
  4117 | D:6      | Reached XP level 7. HP: 35/57 MP: 6/12
  4117 | D:6      | Gained mutation: Your flesh is cold resistant. [White Draconian growth]
  4280 | D:5      | oplop: XUiTA
  4280 | D:5      | epen: ??reason DS
  4280 | D:5      | beem: I don't have a page labeled reason_DS in my learndb.
  4285 | D:5      | Learned a level 4 spell: Summon Lightning Spire
  4287 | D:6      | epen: ??reason demon spawn
  4287 | D:6      | beem: I don't have a page labeled reason_demon_spawn in my learndb.
  4287 | D:6      | oplop: ??reasons ds
  4287 | D:6      | beem: I don't have a page labeled reasons_ds in my learndb.
  4290 | D:6      | oplop: ??reasons demonspawn
  4292 | D:6      | beem: I don't have a page labeled reasons_demonspawn in my learndb.
  4293 | D:6      | oplop: ??reasons demon spawn
  4294 | D:6      | beem: I don't have a page labeled reasons_demon_spawn in my learndb.
  4299 | D:6      | epen: hm...
  4303 | D:6      | oplop: нет причин играть дсом
  4314 | D:6      | epen: надо завязывать тогда
  4314 | D:6      | Wingboner: ??ds reasons
  4314 | D:6      | beem: demonspawn reasons[1/3]: You think the early game is too easy but need more help playing level 20 characters.
  4328 | D:6      | Wingboner: Учи синтаксис, ёпт.
  4328 | D:6      | epen: ??ds reasons [2
  4328 | D:6      | beem: demonspawn reasons[2/3]: You enjoy adapting to semi-random mutations as you level and you think draconians are boring.
  4427 | D:6      | Reached skill level 1 in Air Magic
  4522 | D:6      | Found an oddly glowing altar of Pakellas.
  4522 | D:6      | Noticed an orange crystal statue
  4530 | D:6      | Noticed a hungry ghost
  4539 | D:6      | Killed a hungry ghost
  4551 | D:6      | epen: ??ds reasons [3
  4590 | D:6      | beem: demonspawn reasons[3/3]: Your demonic ancestry asserts itself... Your feet have mutated into hooves. Your +2 pair of boots of levitation falls away! You float gracefully downwards. You fall into the water! You drown... You die...
  4614 | D:6      | Reached skill level 7 in Summonings
  4618 | D:6      | Gained mutation: You tend to lose your temper in combat. [mutagenic meat]
  4619 | D:6      | Gained mutation: Your muscles are strong. (Str +2) [mutagenic meat]
  4622 | D:6      | Gained mutation: Your flesh is heat resistant. [mutagenic meat]
  4623 | D:6      | Gained mutation: Potions and wands are less effective at restoring your health. [mutagenic meat]
  4649 | D:6      | epen: лол
  4844 | D:6      | Reached XP level 8. HP: 59/66 MP: 8/13
  4859 | D:7      | Found a radiant altar of Vehumet.
  4891 | D:7      | Found a flagged portal.
  4910 | Bailey   | Entered a bailey
  5026 | Bailey   | epen: с варлордом что ли?
  5059 | Bailey   | namelastname112: гноллы
  5317 | Bailey   | Wingboner: Ура, на зот2 таки побрил дракона, живём.
  5493 | Bailey   | Reached skill level 5 in Fighting
  5699 | Bailey   | epen: ??gda
  5699 | Bailey   | beem: gold dragon armour[1/4]: 12AC, 23ER, rF+ rC+ rPois. Can be created by enchanting a gold dragon hide.
  5701 | Bailey   | epen: ??pda
  5701 | Bailey   | beem: pearl dragon armour[1/2]: 10AC, 11ER, rN+.
  5778 | D:7      | Reached skill level 8 in Summonings
  5866 | D:7      | Learned a level 4 spell: Summon Ice Beast
  5907 | D:7      | Reached skill level 1 in Shields
  5912 | D:7      | epen: ??yda
  5913 | D:7      | beem: I don't have a page labeled yda in my learndb. Did you mean: 5da, 7da, ada, cda, da, eda, fda, gda, hda, ida, mda, oda, pda, qda, rda, sda, tda, wda, æda.
  5916 | D:7      | Gained mutation: You are dopey. (Int -2) [mutagenic meat]
  5929 | D:7      | Found an iron altar of Okawaru.
  5931 | D:7      | epen: лол
  5931 | D:7      | Reached XP level 9. HP: 74/74 MP: 15/15
  5951 | D:7      | epen: yellow нет?
  6000 | D:7      | Wingboner: Так и дракона такого нет.
  6090 | D:7      | epen: цвет же есть
  6141 | D:7      | Wingboner: Так это говно-золотой.
  6141 | D:7      | namelastname112: есть дракониан
  6141 | D:7      | Wingboner: Драконид.
  6141 | D:7      | namelastname112: а не дракон
  6228 | D:7      | Found an oddly glowing altar of Pakellas.
  6311 | D:7      | Reached skill level 5 in Dodging
  6891 | D:8      | Reached * piety under Ashenzari
  7324 | D:8      | epen: rnd rage словил?
  7381 | D:8      | namelastname112: ага
  7386 | D:8      | epen: круто
  7390 | D:8      | Reached skill level 9 in Summonings
  7610 | D:8      | namelastname112: да похуй, в принципе
  7610 | D:8      | epen: ??mutation
  7610 | D:8      | namelastname112: аш кляр даст
  7610 | D:8      | namelastname112: рано или поздно
  7692 | D:8      | beem: mutation[1/2]: A semi-permanent change in your body. Can be good or bad. Mutations may be removed by a potion of cure mutation or the intervention of certain gods.
  7816 | D:9      | Gained mutation: You are very dopey. (Int -4) [mutagenic meat]
  7817 | D:9      | Lost mutation: Your muscles are strong. (Str +2) [mutagenic meat]
  7818 | D:9      | epen: а шанс словить хорошую или плохую равен?
  7818 | D:9      | Gained mutation: You have sharp fingernails. [mutagenic meat]
  7890 | D:9      | Reached skill level 5 in Spellcasting
  7973 | D:9      | namelastname112: ??mutagenic meat
  7973 | D:9      | beem: mutagenic corpse[1/1]: Attempts to give a single random mutation per chunk. Gives no nutrition.
  8001 | D:9      | Found an oddly glowing altar of Pakellas.
  8031 | D:9      | Learned a level 2 spell: Blink
  8302 | D:9      | Gained mutation: Your body sometimes deteriorates upon taking damage. [mutagenic meat]
  8303 | D:9      | Gained mutation: You are frail (-10% HP). [mutagenic meat]
  8305 | D:9      | Lost mutation: You are frail (-10% HP). [mutagenic meat]
  8306 | D:9      | Gained mutation: You are resistant to hostile enchantments. [mutagenic meat]
  8307 | D:9      | Gained mutation: You are frail (-10% HP). [mutagenic meat]
  8322 | D:9      | Reached XP level 10. HP: 67/74 MP: 11/17
  8421 | D:9      | Reached skill level 1 in Translocations
  8536 | D:10     | Entered Level 10 of the Dungeon
  8658 | D:10     | Found Jeeck's Food Shoppe.
  8802 | D:10     | Noticed Maud
  9044 | D:10     | Noticed Harold
  9051 | D:10     | namelastname112: вы там охуели блять
  9051 | D:10     | namelastname112: два пидора
  9051 | D:10     | namelastname112: с глефами
  9148 | D:10     | Killed Harold
  9148 | D:10     | Reached skill level 5 in Air Magic
  9260 | D:10     | Noticed a wizard
  9266 | D:10     | Wingboner: ??trog wrath
  9268 | D:10     | beem: trog wrath[1/3]: ABANDONMENT: 50 penance. RETRIBUTION: 50% creates berserking hostiles from (iron troll, deep troll, troll, black bear, grizzly bear, stone giant, hill giant, ogre, two-headed ogre); 33% weakening effect (decay, STR loss, paralysis, slowing); 16% fire miscast.
  9291 | D:10     | Killed a wizard
  9515 | D:10     | Noticed a white ugly thing
  9540 | D:10     | Killed a green ugly thing
  9540 | D:10     | Reached skill level 10 in Summonings
  9695 | D:10     | Found a staircase to the Lair.
  9731 | D:10     | oplop: http://i.imgur.com/6Z3r6aB.png
  9794 | D:10     | namelastname112: лел
  9794 | D:10     | namelastname112: уебывай
  9875 | D:11     | Noticed a five-headed hydra
  9908 | D:11     | Killed a five-headed hydra
 10030 | D:11     | Found a staircase to the Orcish Mines.
 10126 | D:11     | Reached ** piety under Ashenzari
 10209 | D:11     | Noticed a naga warrior
 10210 | D:11     | Found a large runed door.
 10211 | D:11     | namelastname112: ууу
 10211 | D:11     | namelastname112: это этот волт
 10227 | D:11     | Found a large runed door.
 10245 | D:11     | Noticed a naga warrior
 10257 | D:11     | namelastname112: It reads, "Warrior's weapon gracefully paints petals red. Honourable art."
 10304 | D:11     | Noticed a hill giant
 10346 | D:11     | Killed a hill giant
 10618 | D:11     | Found Myutav's Antique Armour Shop.
 10854 | D:12     | barbarian: забавный волт
 10875 | D:12     | Noticed a phantasmal warrior
 10875 | D:12     | Noticed a cyclops
 10876 | D:12     | Noticed a phantasmal warrior
 10876 | D:12     | Noticed a phantasmal warrior
 10881 | D:12     | barbarian: если пройти,то получишь легендарки
 10965 | D:12     | Found a labyrinth entrance.
 10969 | Lab      | Entered a labyrinth
 10970 | Lab      | namelastname112: только меня там выебут сейчас
 10970 | Lab      | namelastname112: так что не
 11380 | Lab      | namelastname112: ??helpless
 11380 | Lab      | beem: helpless[1/1]: Paralyzed or petrified (not asleep!) for player, paralyzed/petrified/petrifying/asleep for monsters. For monsters, melee EV set to 0, even phase shift ignored, ranged EV remains same (might be bugs). For players, EV is set to 2-(size categories smaller than medium) + phase shift/distortion field EV bonuses, minimum 1.
 11552 | Lab      | Noticed a minotaur
 11552 | Lab      | namelastname112: пидорас
 11578 | Lab      | oplop: чет мне аязул чуть сраку не разворотила
 11618 | Lab      | oplop: у неё скорость больше летучей мыши, какого хуя
 11626 | Lab      | namelastname112: @??aizul
 11626 | Lab      | beem: Aizul (S)
                  | Spd:
    15 | HD: 14   | HP: 112-163
                  | AC/EV: 8/18
                  | Dam: 25
                  | spellcaster, see invisible
                  | Res: magic(120), poison
                  | Chunks: mutagenic
                  | XP: 1661
                  | Sp: b.venom (3d18), poison arrow (3d21), sleep
                  | Sz: Large
                  | Int: human.
 11626 | Lab      | namelastname112: @??spriggan
 11626 | Lab      | beem: spriggan (i)
                  | Spd: 10 (move: 60%)
                  | HD: 7
                  | HP: 20-28
                  | AC/EV: 2/18
                  | Dam: 15
                  | weapons, items, doors, see invisible
                  | Res: magic(60)
                  | XP:
   218 | Sz: little | Int: human.
 11626 | Lab      | namelastname112: лел
 11636 | Lab      | oplop: какой то неправильный спригган
 11756 | Lab      | Killed a minotaur
 11756 | Lab      | Reached XP level 11. HP: 57/82 MP: 0/19
 11836 | Lab      | Identified Sif Muna's Grimoire of Creation
 11837 | Lab      | Got the war axe "Jayxirghi" {chop, rC+ rN+++ MR- Stlth-}
 11944 | Lab      | Learned a level 1 spell: Apportation
 11944 | Lab      | namelastname112: мм
 11944 | Lab      | namelastname112: книга с гейтвеем
 11951 | D:12     | Noticed a death knight
 12109 | Lair:1   | Entered Level 1 of the Lair of Beasts
 12250 | Lair:1   | oplop: я харвест сегодня взял кстати
 12274 | Lair:1   | oplop: нашел бедного пуржи
 12412 | Lair:1   | Wingboner: Я политика хочу.
 12435 | Lair:1   | Found a dark tunnel.
 12435 | Lair:1   | Noticed a lindwurm
 12444 | Volcano  | Entered a volcano
 12544 | Volcano  | Wingboner: Если Трог меня не покарает.
 12573 | Volcano  | Reached skill level 1 in Staves
 12696 | Volcano  | Noticed an ogre mage
 12706 | Volcano  | Killed an ogre mage
 12795 | Volcano  | oplop: политик этож вроде хайскоры
 12809 | Lair:1   | Wingboner: Да, спереть хайскор на 10 миллионов.
 12813 | Lair:1   | Killed a lindwurm
 12933 | Lair:1   | Reached *** piety under Ashenzari
 12969 | Lair:1   | Lost mutation: You are frail (-10% HP). [potion of cure mutation]
 12969 | Lair:1   | Lost mutation: Your flesh is heat resistant. [potion of cure mutation]
 12969 | Lair:1   | Lost mutation: Your body sometimes deteriorates upon taking damage. [potion of cure mutation]
 12969 | Lair:1   | Lost mutation: You are resistant to hostile enchantments. [potion of cure mutation]
 13019 | Lair:1   | Reached skill level 1 in Polearms
 13416 | Lair:1   | oplop: купил за 80 монет +8 блоуган
 13466 | Lair:1   | oplop: а нормальных игл нет нихуя
 13469 | Lair:1   | oplop: печаль
 13504 | Lair:1   | oplop: только 4 иглы сна
 13523 | Lair:1   | Reached skill level 11 in Summonings
 13527 | Lair:1   | namelastname112: в зиге найдешь
 13992 | D:11     | Found an iron altar of Okawaru.
 13992 | D:11     | Found an iron altar of Okawaru.
 13992 | D:11     | Noticed an orc knight
 13994 | D:11     | Noticed a centaur warrior
 14006 | D:11     | namelastname112: лоооол
 14006 | D:11     | namelastname112: волт поломался
 14020 | D:11     | namelastname112: The doors seal shut behind you!
 14020 | D:11     | namelastname112: ага
 14020 | D:11     | namelastname112: конечно
 14069 | D:12     | Noticed a seven-headed hydra
 14090 | D:12     | Killed a seven-headed hydra
 14200 | D:12     | Killed a phantasmal warrior
 14202 | D:12     | Killed a phantasmal warrior
 14305 | D:12     | Mangled by a phantasmal warrior

Skill      XL: |  1  2  3  4  5  6  7  8  9 10 11 |
---------------+----------------------------------+-----
Dodging        | 2 3 4 5 6 7 |  7.2
Fighting       | 1 2 3 4 5 6 7 8 |  8.1
Summonings     | 5 6 7 8 9 10 11 | 11.2
Spellcasting   | 3 4 5 6 |  6.8
Air Magic      | 1 3 4 5 |  5.9
Shields        | 1 3 4 |  4.2
Translocations | 3 4 |  4.5
Staves         | 1 |  1.5
Polearms       | 2 |  2.6
Stealth        | |  1.7

Action                   |  1- 3 |  4- 6 |  7- 9 | 10-12 || total
-------------------------+-------+-------+-------+-------++-------
Melee: Unarmed           |    21 |       |       |       ||    21
       Tailslap          |     3 |    18 |    48 |    18 ||    87
       Spear             |    88 |   286 |   603 |    68 ||  1045
       Whip              |     9 |       |       |       ||     9
       Staff             |       |       |       |   134 ||   134
       Demon trident     |       |       |       |   125 ||   125
Throw: Throwing net      |       |       |     1 |     6 ||     7
 Cast: Summon Small Mamm |    15 |       |       |       ||    15
       Call Imp          |     4 |    38 |     7 |       ||    49
       Call Canine Famil |       |    14 |     6 |     1 ||    21
       Summon Lightning  |       |       |    50 |    77 ||   127
       Summon Ice Beast  |       |       |     1 |    38 ||    39
       Blink             |       |       |       |    12 ||    12
Invok: Scrying           |       |       |       |     1 ||     1
 Abil: Breathe Frost     |       |       |     7 |    13 ||    20
Evoke: Wand              |       |     2 |       |    11 ||    13
       Phial of floods   |       |       |       |     1 ||     1
  Use: Potion            |       |       |     2 |     8 ||    10
       Scroll            |       |       |     8 |    13 ||    21
 Stab: Sleeping          |     2 |     3 |     6 |       ||    11
       Distracted        |       |     3 |     7 |     3 ||    13
  Eat: Chunk             |     2 |    12 |    45 |    19 ||    78
       Bread ration      |     1 |       |       |     1 ||     2
       Pizza             |       |     1 |       |       ||     1
       Meat ration       |       |       |       |     4 ||     4
       Fruit             |       |       |       |     2 ||     2
Armor: Skin              |    23 |    89 |   175 |   115 ||   402
Dodge: Dodged            |    76 |   170 |   432 |   233 ||   911
Block: Buckler           |       |       |       |    57 ||    57
